[Event "Team 45 45 League T32"]
[Site "Internet Chess Club"]
[Date "2007.01.19"]
[Round "1"]
[White "Fidelian"]
[Black "JustinZ"]
[Result "0-1"]
[WhiteElo "1345"]
[BlackElo "1250"]
[ECO "C68"]
[TimeControl "2700+45"]

1. e4 e5 2. Nf3 Nc6 3. Bb5 a6 4. Bc4 Nf6 5. d3 Bc5 6. Ng5 d5 7. exd5 Bxf2+ 8.
Kxf2 Ng4+ 9. Kg1 Qf6 10. dxc6 Qf2# {White checkmated} 0-1

[Event "Team 45 45 League T32"]
[Site "Internet Chess Club"]
[Date "2007.01.19"]
[Round "1"]
[White "Gomer"]
[Black "uipawn"]
[Result "1-0"]
[WhiteElo "1398"]
[BlackElo "1252"]
[ECO "C00"]
[TimeControl "2700+45"]

1. e4 e6 2. Bc4 d6 3. Nc3 Nf6 4. d3 Bd7 5. Nf3 h6 6. O-O a6 7. Re1 b5 8. Bb3 b4
9. Ne2 c6 10. a3 Qa5 11. Bd2 c5 12. axb4 Qb5 13. Bc4 Qc6 14. bxc5 dxc5 15. Ne5
Qb6 16. Ba5 Qxb2 17. Nxd7 Nbxd7 18. Bc3 Qb6 19. d4 Be7 20. dxc5 Bxc5 21. Bd4 O-O
22. Bxc5 Nxc5 23. Nc3 Rad8 24. Qc1 Qc6 25. e5 Nfd7 26. Qa3 Ra8 27. Na4 Nxa4 28.
Qxa4 Qxa4 29. Rxa4 a5 30. Bb5 Nc5 31. Rc4 Nb7 32. Bc6 Rac8 33. Ra1 Rfd8 34. h3
Rd2 35. Raa4 Rd1+ 36. Kh2 Rd2 37. Bxb7 Rxc4 38. Rxc4 Rxf2 39. Be4 Re2 40. Rc8#
{Black checkmated} 1-0

[Event "Team 45 45 League T32"]
[Site "Internet Chess Club"]
[Date "2007.01.17"]
[Round "1"]
[White "WCB"]
[Black "jocooper"]
[Result "0-1"]
[WhiteElo "1059"]
[BlackElo "1132"]
[ECO "A05"]
[TimeControl "2700+45"]

1. Nf3 Nf6 2. g3 g6 3. Bg2 Bg7 4. O-O O-O 5. d3 d5 6. Nbd2 c5 7. Re1 Nc6 8. c3
e5 9. e4 Bg4 10. Rb1 d4 11. h3 Be6 12. Ra1 Qd7 13. Ng5 Rac8 14. Nxe6 Qxe6 15.
Qb3 c4 16. Qxc4 Qe7 17. Qa4 a6 18. b4 b5 19. Qxa6 Nb8 20. Qa3 Rxc3 21. Qb2 Qc7
22. Nb1 Rc2 23. Qb3 Rxc1 24. Na3 Rc3 25. Nxb5 Rxb3 26. Nxc7 Rxb4 27. Rab1 Rxb1
28. Rxb1 Rc8 29. Nd5 Re8 30. a4 Na6 31. Bf3 Nc5 32. a5 Nxd5 33. exd5 Bf8 34. Rb6
Rd8 35. a6 Na4 36. Rb5 Ra8 37. Ra5 Nb6 38. a7 f5 39. d6 Rd8 40. Bd5+ Kg7 41. d7
Rxd7 42. a8=Q Nxa8 43. Bxa8 Rc7 44. Rxe5 Rc3 45. Rd5 Rxd3 46. Kf1 Bb4 47. Bc6
Kf6 48. Bb5 Rd1+ 49. Ke2 Rd2+ 50. Kf1 Ke6 51. Bc4 h5 52. Ke1 Rc2+ 53. Kd1 Rxc4
54. Rb5 Bc5 55. Kd2 Ke5 56. Kd3 Kd5 57. f3 Rc3+ 58. Kd2 Rxf3 59. Rb8 Rxg3 60.
Rd8+ Kc4 61. Ke2 d3+ 62. Kd2 f4 63. Rf8 f3 64. h4 Rg2+ 65. Ke1 Bxf8 {White
resigns} 0-1

[Event "Team 45 45 League T32"]
[Site "Internet Chess Club"]
[Date "2007.01.18"]
[Round "1"]
[White "andrew28"]
[Black "chessateer"]
[Result "0-1"]
[WhiteElo "1927"]
[BlackElo "1892"]
[ECO "C55"]
[TimeControl "2700+45"]

1. e4 e5 2. Nf3 Nc6 3. Bc4 Nf6 4. d3 Be7 5. c3 O-O 6. h3 d6 7. O-O Na5 8. Nbd2
c5 9. Bb5 a6 10. Ba4 b5 11. Bc2 Nc6 12. Re1 Qc7 13. Nf1 Be6 14. Bg5 Rad8 15. Rc1
Ne8 16. Bxe7 Qxe7 17. d4 Bc8 18. Ne3 Nf6 19. Nd5 Nxd5 20. exd5 Na5 21. dxc5 dxc5
22. Rxe5 Qf6 23. Qd3 g6 24. b3 Bf5 25. Qe3 Bxc2 26. Rxc2 c4 27. b4 Nb7 28. Nd4
Nd6 29. Rd2 Rfe8 30. Nc6 Rxe5 31. Nxe5 Re8 32. Nd7 Qf5 33. Qd4 Qxd7 34. Qb6 Nf5
35. Qxa6 Re1+ 36. Kh2 Qd6+ 37. Qxd6 Nxd6 38. a4 bxa4 39. Ra2 Rd1 40. Rxa4 Rxd5
41. Ra2 Rd3 42. Rc2 Nb5 43. Kg1 Rxc3 44. Rb2 Rb3 45. Rc2 c3 46. Kf1 Rb1+ 47. Ke2
Rb2 48. Kd3 Rxc2 49. Kxc2 f5 50. Kd3 Kf7 51. f4 Ke6 52. g4 fxg4 53. hxg4 h5 54.
f5+ gxf5 55. gxh5 Kf6 56. Kc4 c2 57. Kxb5 c1=Q 58. Kb6 Kg5 59. h6 Kxh6 60. b5
Qb2 61. Kc6 f4 62. b6 f3 63. b7 f2 64. Kc7 Qc3+ 65. Kd8 Qb4 66. Kc7 Qc5+ 67. Kd7
Qb6 68. Kc8 Qc6+ 69. Kb8 f1=Q 70. Ka8 Qfa6+ {White resigns} 0-1

[Event "Team 45 45 League T32"]
[Site "Internet Chess Club"]
[Date "2007.01.20"]
[Round "1"]
[White "Qualm"]
[Black "fantanaranja"]
[Result "1-0"]
[WhiteElo "1820"]
[BlackElo "1768"]
[ECO "B90"]
[TimeControl "2700+45"]

1. e4 c5 2. Nf3 d6 3. d4 cxd4 4. Nxd4 Nf6 5. Nc3 a6 6. Be3 Nbd7 7. Be2 e6 8. O-O
Be7 9. Qd2 Nc5 10. f3 O-O 11. Rfd1 Qb6 12. b4 Qxb4 13. Rab1 Qa5 14. Nd5 Qxd2 15.
Nxe7+ Kh8 16. Rxd2 Re8 17. Nxc8 Raxc8 18. Nb3 Nxb3 19. cxb3 d5 20. e5 Nd7 21. f4
Kg8 22. Bd3 Nc5 23. Bxc5 Rxc5 24. Rc2 Rxc2 25. Bxc2 Rc8 26. Bd3 Rc3 27. Rd1 b5
28. Kf2 f6 29. Ke3 fxe5 30. fxe5 h6 31. Kd2 Rc7 32. Rc1 Rxc1 33. Kxc1 Kf8 34.
Kd2 Ke7 35. Kc3 Kd7 36. Kb4 Kc6 37. Kc3 g5 38. b4 Kd7 39. g4 Kc6 40. Kd4 Kd7 41.
Kc5 {Black resigns} 1-0

[Event "Team 45 45 League T32"]
[Site "Internet Chess Club"]
[Date "2007.01.20"]
[Round "1"]
[White "calily"]
[Black "siddhu"]
[Result "1-0"]
[WhiteElo "1731"]
[BlackElo "1790"]
[ECO "C54"]
[TimeControl "2700+45"]

1. e4 e5 2. Nf3 Nc6 3. Bc4 Bc5 4. c3 Nf6 5. d3 a6 6. a4 d6 7. O-O h6 8. Re1 O-O
9. Nbd2 Re8 10. Nf1 Be6 11. Bxe6 fxe6 12. Be3 Bxe3 13. fxe3 Qd7 14. Ng3 d5 15.
exd5 exd5 16. b4 e4 17. dxe4 dxe4 18. Qb3+ Qe6 19. Qxe6+ Rxe6 20. Nd4 Nxd4 21.
cxd4 Nd5 22. Rab1 c6 23. b5 axb5 24. axb5 Nc3 25. bxc6 Nxb1 26. cxb7 Rb8 27.
Rxb1 Kf7 28. Kf2 Ke7 29. Rb5 Kd7 30. Ke2 Kc7 31. Nf5 Rxb7 32. Rxb7+ Kxb7 33. Ng3
Kc6 34. Kf2 Rf6+ 35. Ke2 Kd5 36. Nh5 Rf7 37. Nf4+ Rxf4 38. exf4 Kxd4 39. g4 g6
40. h4 h5 41. g5 Kd5 42. Ke3 Kd6 43. Kd4 Ke7 44. Kxe4 Ke6 45. Ke3 Ke7 46. Kd4
Kd6 47. Ke3 Ke7 48. Kd4 Kd6 49. Ke4 Ke6 50. f5+ Kf7 51. fxg6+ Kxg6 52. Ke5 Kh7
53. Kf6 Kh8 54. g6 Kg8 55. Kg5 {Black resigns} 1-0

[Event "Team 45 45 League T32"]
[Site "Internet Chess Club"]
[Date "2007.01.23"]
[Round "1"]
[White "parrot9"]
[Black "arriero55"]
[Result "1-0"]
[WhiteElo "1684"]
[BlackElo "1594"]
[ECO "B84"]
[TimeControl "2700+45"]

1. e4 c5 2. Nf3 d6 3. d4 cxd4 4. Nxd4 Nf6 5. Nc3 a6 6. Be2 e6 7. O-O Be7 8. Be3
O-O 9. a4 Qc7 10. f4 Nbd7 11. Nb3 b6 12. Bf3 Rb8 13. Qe1 Bb7 14. Qg3 Rfe8 15. f5
Ne5 16. Bh6 Bf8 17. Nd4 Qc5 18. Be3 Nc4 19. Bf2 Nxb2 20. Nxe6 Qxc3 21. Bd4 Qb4
22. Bxf6 fxe6 23. Rab1 Qc5+ 24. Kh1 Nc4 25. Bxg7 Bxg7 26. f6 Qe5 27. Qxg7#
{Black checkmated} 1-0

[Event "Team 45 45 League T32"]
[Site "Internet Chess Club"]
[Date "2007.01.21"]
[Round "1"]
[White "EdBorowski"]
[Black "eltorpe"]
[Result "0-1"]
[WhiteElo "1946"]
[BlackElo "1892"]
[ECO "A48"]
[TimeControl "2700+45"]

1. d4 Nf6 2. Nf3 g6 3. Bf4 Bg7 4. e3 d6 5. Be2 O-O 6. Nbd2 Nbd7 7. c3 Nh5 8. Bg5
c5 9. g4 Nhf6 10. h3 b6 11. Rg1 Bb7 12. Qc2 cxd4 13. exd4 Rc8 14. O-O-O Nd5 15.
Kb1 Nb4 16. Qb3 Nd5 17. h4 N5f6 18. Bd3 Bd5 19. c4 Bb7 20. h5 d5 21. Ne5 dxc4
22. Bxc4 Nxe5 23. dxe5 Nd5 24. hxg6 hxg6 25. Ne4 Rxc4 26. Qxc4 Bxe5 27. f4 Bg7
28. f5 Qd7 29. f6 Rc8 30. Qd3 exf6 31. Bxf6 Qe6 32. Bxg7 Nb4 {White resigns} 0-1

[Event "Team 45 45 League T32"]
[Site "Internet Chess Club"]
[Date "2007.01.18"]
[Round "1"]
[White "PiedraBuena"]
[Black "LennyH"]
[Result "1/2-1/2"]
[WhiteElo "1740"]
[BlackElo "1909"]
[ECO "A18"]
[TimeControl "2700+45"]

1. c4 Nf6 2. Nc3 e6 3. e4 e5 4. d3 Bc5 5. Be2 Nc6 6. a3 a5 7. Nf3 d6 8. O-O h6
9. Nd5 Nd4 10. Kh1 O-O 11. Rb1 Nxe2 12. Qxe2 a4 13. Be3 Bxe3 14. Nxe3 g6 15. b4
{Game drawn by mutual agreement} 1/2-1/2

[Event "Team 45 45 League T32"]
[Site "Internet Chess Club"]
[Date "2007.01.17"]
[Round "1"]
[White "Wheels"]
[Black "olivares"]
[Result "1-0"]
[WhiteElo "1724"]
[BlackElo "1578"]
[ECO "C41"]
[TimeControl "2700+45"]

1. e4 e5 2. Nf3 d6 3. d4 Nf6 4. Nc3 Nbd7 5. Bc4 Be7 6. O-O O-O 7. h3 a6 8. Re1
c6 9. dxe5 Nxe5 10. Bb3 Re8 11. Bf4 Qc7 12. Qe2 Bf8 13. Rad1 a5 14. Nxe5 dxe5
15. Be3 b5 16. a3 b4 17. axb4 axb4 18. Na4 Ba6 19. Qf3 c5 20. c3 c4 21. Bc2 b3
22. Bb1 Bb7 23. Nb6 Ra1 24. Nd5 Bxd5 25. exd5 e4 26. Qe2 Bd6 27. Bd4 Nxd5 28.
Bxe4 Rxd1 29. Rxd1 g6 30. Qf3 Nf4 31. Kf1 Qe7 32. Bc6 Rc8 33. Re1 Qc7 34. Ba4
Ne6 35. Be3 Bf4 36. Bxf4 Qxf4 37. Qxf4 Nxf4 38. Bb5 Nd3 39. Re2 Rc5 40. Ba6 Ra5
41. Re8+ Kg7 42. Bxc4 Ra1+ 43. Ke2 Re1+ 44. Kxd3 Rxe8 45. Bxb3 Rb8 46. Kc2 f5
47. c4 Kf6 48. Kc3 Ke5 49. Bc2 Kd6 50. b4 Ra8 51. c5+ Kc6 52. Kc4 Rb8 53. b5+
Kc7 54. b6+ Kc6 55. Ba4+ Kb7 56. Kb5 Re8 57. c6+ Kc8 58. Ka6 Re2 59. Ka7 Rb2 60.
g3 g5 61. f3 h5 62. Ka6 f4 63. g4 h4 64. Bd1 Ra2+ 65. Kb5 Rb2+ 66. Kc5 Kb8 67.
Ba4 Kc8 68. Bb5 Rc2+ 69. Kd5 Kd8 70. c7+ Kc8 71. Ba6+ Kd7 72. c8=Q+ Rxc8 73.
Bxc8+ Kxc8 74. Kc6 {Black resigns} 1-0

[Event "Team 45 45 League T32"]
[Site "Internet Chess Club"]
[Date "2007.01.18"]
[Round "1"]
[White "Juan73"]
[Black "Sean"]
[Result "0-1"]
[WhiteElo "1586"]
[BlackElo "1621"]
[ECO "C02"]
[TimeControl "2700+45"]

1. e4 e6 2. d4 d5 3. e5 c5 4. Nf3 Bd7 5. Nc3 Nc6 6. Be3 Nge7 7. Bb5 Nf5 8. Bg5
Be7 9. Bxe7 Qxe7 10. g4 Nfxd4 11. Nxd4 Nxd4 12. Qd3 O-O 13. Bxd7 Qxd7 14. O-O-O
a6 15. h4 b5 16. f4 b4 17. Ne2 Nxe2+ 18. Qxe2 Qa4 19. Kb1 c4 20. Qe3 Rfc8 21. c3
bxc3 22. Qxc3 Rab8 23. f5 Qb5 24. f6 g6 25. h5 Rc7 26. Rh2 a5 27. Qd2 Qb4 28.
Qh6 Qf8 29. Qd2 c3 30. Qd3 cxb2 31. Rxb2 Rxb2+ 32. Kxb2 Qb4+ 33. Qb3 Rc4 34. Rc1
Qxb3+ 35. axb3 Rxc1 36. Kxc1 Kf8 37. Kb2 Ke8 38. Ka3 Kd7 39. Kb2 Kc6 40. Kc3 Kc5
41. Kd3 Kb4 42. Kc2 gxh5 43. gxh5 h6 44. Kb2 a4 45. bxa4 Kxa4 46. Kc3 Ka5 47.
Kd3 Kb5 48. Kd4 Kb4 49. Kd3 Kc5 50. Kc3 d4+ 51. Kd2 Kd5 52. Ke2 Kxe5 53. Kd3
Kxf6 54. Kxd4 Kf5 55. Ke3 e5 56. Kf3 f6 57. Kg3 Kg5 58. Kf3 f5 59. Kg3 e4 60.
Kg2 Kg4 61. Kf2 f4 62. Kg2 Kxh5 63. Kf2 Kg4 64. Kg2 h5 65. Kf2 e3+ 66. Kg2 h4
67. Kh2 h3 68. Kg1 Kg3 69. Kh1 e2 70. Kg1 e1=Q# {White checkmated} 0-1

[Event "Team 45 45 League T32"]
[Site "Internet Chess Club"]
[Date "2007.01.22"]
[Round "1"]
[White "BaroneRosso"]
[Black "Ozgur-Bjk"]
[Result "1/2-1/2"]
[WhiteElo "2041"]
[BlackElo "2123"]
[ECO "D35"]
[TimeControl "2700+45"]

1. d4 d5 2. c4 e6 3. Nc3 Nf6 4. cxd5 exd5 5. Bg5 Nbd7 6. e3 Be7 7. Bd3 c6 8.
Nge2 O-O 9. O-O Re8 10. Qc2 Nf8 11. f3 Be6 12. Rae1 Rc8 13. Kh1 N6d7 14. Bxe7
Qxe7 15. Ng3 c5 16. Qf2 cxd4 17. exd4 Nf6 18. Bf5 Qd7 19. Bxe6 Nxe6 20. Nf5 Nf4
21. Qc2 b5 22. Rxe8+ Rxe8 23. a3 a6 24. Rd1 Qe6 25. Ng3 N4h5 26. Qf2 Nxg3+ 27.
hxg3 h6 28. Kg1 Nh5 29. Kf1 Qd6 30. Ne2 Rc8 31. g4 Nf6 32. Rc1 Rxc1+ {Game drawn
by mutual agreement} 1/2-1/2

[Event "Team 45 45 League T32"]
[Site "Internet Chess Club"]
[Date "2007.01.20"]
[Round "1"]
[White "Ser-Enigma"]
[Black "cascarillo"]
[Result "0-1"]
[WhiteElo "2039"]
[BlackElo "2012"]
[ECO "B21"]
[TimeControl "2700+45"]

1. e4 c5 2. f4 d6 3. Nf3 g6 4. c3 Bg7 5. d4 Qc7 6. Bb5+ Bd7 7. a4 e6 8. Na3 Ne7
9. Bxd7+ Nxd7 10. Nb5 Qc6 11. e5 Nc8 12. d5 exd5 13. Qxd5 Qxd5 14. Nc7+ Kf8 15.
Nxd5 dxe5 16. fxe5 Nxe5 17. O-O Nb6 18. Nc7 Rc8 19. Ne6+ Kg8 20. Neg5 Nbc4 21.
Bf4 Nd3 22. Bg3 f6 23. Ne4 f5 24. Nd6 Nxd6 25. Bxd6 Kf7 26. Ng5+ Kf6 27. h4 h6
28. Nf3 Rhe8 29. Rab1 Re2 30. b3 Bf8 31. Rfd1 Bxd6 32. Rxd3 Bg3 33. Ng5 Bxh4 34.
Nh7+ Kg7 35. Rd7+ Re7 36. Rbd1 Re8 37. g3 Bxg3 {White resigns} 0-1

[Event "Team 45 45 League T32"]
[Site "Internet Chess Club"]
[Date "2007.01.21"]
[Round "1"]
[White "MikeMM"]
[Black "DeLaSalle"]
[Result "0-1"]
[WhiteElo "1898"]
[BlackElo "1907"]
[ECO "B00"]
[TimeControl "2700+45"]

1. e4 b6 2. d4 Bb7 3. Nc3 e6 4. f4 Nf6 5. Bd3 c5 6. dxc5 Bxc5 7. Qe2 Nc6 8. Nf3
d5 9. exd5 Nxd5 10. Nxd5 Qxd5 11. Bc4 Qh5 12. Bd2 O-O 13. O-O-O Rfd8 14. h3 Bb4
15. g4 Bxd2+ 16. Rxd2 Qc5 17. Rf1 Rxd2 18. Nxd2 Nd4 19. Qd3 b5 20. Bb3 Rd8 21.
Kb1 Qb6 22. Qe3 Nxb3 23. Qxb6 Nxd2+ 24. Kc1 axb6 25. Rd1 Bg2 26. h4 Bf3 27. Rxd2
Rxd2 28. Kxd2 Bxg4 29. Kc3 Kf8 30. Kb4 Be2 31. a4 bxa4 32. Kxa4 Ke7 33. Kb4 Kd6
34. c4 Kc6 35. b3 f6 36. Kc3 e5 37. Kd2 Bf1 38. fxe5 fxe5 39. Ke3 Bg2 40. b4 g6
41. Kf2 Be4 42. Ke3 Bf5 43. Kd2 b5 44. c5 Kd5 45. Kc3 h6 46. Kb3 g5 47. hxg5
hxg5 48. Kc3 g4 49. Kd2 Be4 50. Ke3 Bf3 51. Kf2 Kc4 52. Kg3 Kxb4 53. c6 Bxc6 54.
Kxg4 Kc3 55. Kf5 b4 56. Kxe5 b3 57. Kd6 b2 58. Kxc6 b1=Q 59. Kd5 Qd3+ 60. Ke5
Qd4+ 61. Ke6 Qc5 62. Kf7 Qd6 63. Kg8 Qc7 64. Kf8 Kd4 65. Kg8 Ke5 66. Kh8 Kf6 67.
Kg8 Qg7# {White checkmated} 0-1

[Event "Team 45 45 League T32"]
[Site "Internet Chess Club"]
[Date "2007.01.22"]
[Round "1"]
[White "SneakyRed"]
[Black "room-matt"]
[Result "1-0"]
[WhiteElo "1935"]
[BlackElo "1849"]
[ECO "C55"]
[TimeControl "2700+45"]

1. e4 e5 2. Nf3 Nc6 3. Bc4 Nf6 4. d3 d5 5. exd5 Nxd5 6. O-O Be7 7. Re1 Nb6 8.
Bb3 Bg4 9. h3 Bh5 10. g4 Bg6 11. Nxe5 Nxe5 12. Rxe5 O-O 13. Nc3 Bf6 14. Re1 a5
15. a4 Bd4 16. Be3 Re8 17. Qf3 c6 18. Qf4 Be5 19. Qf3 Nd7 20. d4 Bf6 21. Rad1
Kh8 22. d5 Rc8 23. dxc6 Rxc6 24. Qd5 Re7 25. Bd4 Rxe1+ 26. Rxe1 Bxd4 27. Qxd4
Qc8 28. Re7 Nf6 29. Bxf7 Bxf7 30. Rxf7 Rc7 31. Rxc7 Qxc7 32. Ne4 Nxe4 33. Qxe4
h6 34. f4 Qb6+ 35. Kg2 Qxb2 36. Kg3 b6 37. Kh4 Qf6+ 38. g5 hxg5+ 39. fxg5 Qf2+
40. Kh5 Kg8 41. Qe8+ Qf8 42. Qxf8+ Kxf8 43. Kg6 Kg8 44. h4 Kh8 45. h5 Kg8 46. c4
Kh8 47. Kf7 Kh7 48. Ke6 Kg8 49. Ke7 Kh8 50. Kd6 Kg8 51. Kc6 Kf7 52. Kxb6 Ke7 53.
c5 Kd8 54. Kb7 {Black resigns} 1-0

[Event "Team 45 45 League T32"]
[Site "Internet Chess Club"]
[Date "2007.01.20"]
[Round "1"]
[White "fledermaus"]
[Black "SkinnyPuppy"]
[Result "1/2-1/2"]
[WhiteElo "1990"]
[BlackElo "2176"]
[ECO "D53"]
[TimeControl "2700+45"]

1. d4 Nf6 2. c4 e6 3. Nc3 d5 4. Bg5 Be7 5. e3 Nbd7 6. Nf3 c6 7. Rc1 h6 8. Bh4
O-O 9. Bd3 Re8 10. O-O a6 11. Qe2 dxc4 12. Bxc4 b5 13. Bb3 c5 14. Rfd1 Qb6 15.
Ne5 Bb7 16. Nxd7 Nxd7 17. Bxe7 Rxe7 18. d5 c4 19. Bc2 Nf6 20. dxe6 Qxe6 21. Rd4
Rd7 22. Rxd7 Nxd7 23. Rd1 Nc5 24. Qh5 Nd3 25. Bxd3 cxd3 26. Rxd3 b4 27. Ne2 Qe4
28. Nf4 Rc8 29. Qd1 g5 30. f3 Qe7 31. Nh5 a5 32. Ng3 Ba6 33. Nf5 Qf6 34. Rd6
Qxf5 35. Rxa6 Qe5 36. Qd2 Re8 37. Rxh6 Qxe3+ 38. Qxe3 Rxe3 39. Kf2 Re5 40. Rc6
Kg7 41. g3 f6 42. Rc4 Rd5 43. Re4 Rd2+ 44. Re2 Rd3 45. h4 Kg6 46. hxg5 Kxg5 47.
b3 a4 48. bxa4 Ra3 49. Rb2 Rxa4 50. g4 f5 51. gxf5 Kxf5 52. Rc2 Ra3 53. Kg3 b3
54. Rc5+ Kf6 55. axb3 Rxb3 56. Kg4 Rb4+ 57. f4 Rb6 58. Rh5 Kg6 59. f5+ Kg7 60.
Kg5 Rb1 61. f6+ Kg8 62. Kg6 Rg1+ 63. Kf5 Rf1+ 64. Ke6 Re1+ 65. Kd7 Kf7 66. Rf5
{Game drawn by mutual agreement} 1/2-1/2

[Event "Team 45 45 League T32"]
[Site "Internet Chess Club"]
[Date "2007.01.19"]
[Round "1"]
[White "PvsNP"]
[Black "ddlj81"]
[Result "0-1"]
[WhiteElo "1751"]
[BlackElo "1972"]
[ECO "C55"]
[TimeControl "2700+45"]

1. e4 e5 2. Bc4 Nf6 3. Nf3 Nc6 4. d4 exd4 5. O-O Bc5 6. e5 d5 7. exf6 dxc4 8.
fxg7 Rg8 9. Bg5 Be7 10. Bxe7 Kxe7 11. Re1+ Be6 12. Nbd2 Rxg7 13. Nxc4 Kf8 14.
Nce5 Qd5 {White got disconnected and forfeits} 0-1

[Event "Team 45 45 League T32"]
[Site "Internet Chess Club"]
[Date "2007.01.20"]
[Round "1"]
[White "StrayLite"]
[Black "Chief-Justice"]
[Result "1/2-1/2"]
[WhiteElo "1939"]
[BlackElo "1860"]
[ECO "B13"]
[TimeControl "2700+45"]

1. e4 c6 2. d4 d5 3. exd5 cxd5 4. Bd3 Nf6 5. c3 Nc6 6. Bf4 Bg4 7. Qb3 Qb6 8.
Qxb6 axb6 9. Nd2 e6 10. Ngf3 Be7 11. O-O O-O 12. a3 Bh5 13. Rfe1 Bg6 14. Bb5 Ra5
15. a4 Rfa8 16. Ne5 Nxe5 17. Bxe5 Ne4 18. Nb3 R5a7 19. Bc7 Bd8 20. Bxd8 Rxd8 21.
a5 Nd6 22. Bf1 bxa5 23. Rxa5 Rda8 24. Rea1 Rxa5 25. Rxa5 Rxa5 26. Nxa5 Kf8 27.
f3 Bc2 28. Kf2 Ke7 29. Ke3 Kd7 30. Bd3 Ba4 31. b3 Bb5 32. Nxb7 Bxd3 33. Nc5+ Kc6
34. Nxd3 f6 35. Nf4 e5 36. Nh5 Nf5+ 37. Kd3 Kd6 38. g4 Nh4 39. Ke3 exd4+ 40.
cxd4 f5 41. Nxg7 fxg4 42. fxg4 Ng2+ 43. Kf3 Ne1+ 44. Ke2 Nc2 45. Kd3 Nb4+ 46.
Kc3 Na2+ 47. Kd3 Nb4+ 48. Ke3 Nc2+ 49. Kd3 Nb4+ {Game drawn by repetition}
1/2-1/2

[Event "Team 45 45 League T32"]
[Site "Internet Chess Club"]
[Date "2007.01.20"]
[Round "1"]
[White "crispin"]
[Black "vaibhav"]
[Result "0-1"]
[WhiteElo "1774"]
[BlackElo "2222"]
[ECO "B30"]
[TimeControl "2700+45"]

1. e4 c5 2. Nf3 Nc6 3. Bb5 a6 4. Bxc6 dxc6 5. d4 Qb6 6. dxc5 Qxc5 7. Nc3 e5 8.
Be3 Qa5 9. O-O Bg4 10. Qe2 Nf6 11. a3 Be7 12. Bd2 O-O 13. Nd5 Qd8 14. Nxe7+ Qxe7
15. Qe3 c5 16. Bc3 Bxf3 17. Qxf3 Qe6 18. Rfe1 Rfd8 19. Qf5 Re8 20. Qxe6 Rxe6 21.
Rad1 Kf8 22. f3 b5 23. Ba5 Ke7 24. Rd2 Rd6 25. Red1 Rxd2 26. Rxd2 Rc8 27. Kf2
Nd7 28. Rd5 Ke6 29. Ke3 f5 30. Rd1 g6 31. g3 Nf6 32. Rd8 Rc6 33. exf5+ gxf5 34.
Rh8 Rd6 35. Bd8 Nd5+ 36. Ke2 Rd7 37. Bg5 Nc7 38. Bd8 Nd5 39. Bg5 b4 40. axb4
cxb4 41. Ra8 Nc7 42. Rb8 Nb5 43. Rb6+ Rd6 44. Rxd6+ Kxd6 45. Kd3 Kd5 46. Be7 a5
47. Bd8 a4 48. Be7 a3 49. bxa3 bxa3 50. c4+ Ke6 51. Bg5 a2 {White resigns} 0-1

[Event "Team 45 45 League T32"]
[Site "Internet Chess Club"]
[Date "2007.01.22"]
[Round "1"]
[White "walleye"]
[Black "JimGaming"]
[Result "1/2-1/2"]
[WhiteElo "1421"]
[BlackElo "1324"]
[ECO "C45"]
[TimeControl "2700+45"]

1. e4 e5 2. Nf3 Nc6 3. d4 exd4 4. Nxd4 Nf6 5. Nc3 Bb4 6. Nxc6 bxc6 7. Bd3 O-O 8.
O-O a5 9. Bd2 d5 10. exd5 Bxc3 11. Bxc3 cxd5 12. Qf3 c6 13. b3 Ba6 14. Bxa6 Rxa6
15. Qd3 Ra8 16. Bxf6 Qxf6 17. Rad1 g6 18. c4 Rfd8 19. cxd5 Rxd5 20. Qc2 Rxd1 21.
Rxd1 Rd8 22. Rxd8+ Qxd8 23. g3 Qd5 24. Qc3 Qb5 25. Kg2 c5 26. f3 Qb4 27. Qxb4
axb4 28. Kf2 f5 29. Ke3 Kf7 30. Kd3 Ke6 31. Kc4 Kd6 32. f4 h6 {Game drawn by
mutual agreement} 1/2-1/2

[Event "Team 45 45 League T32"]
[Site "Internet Chess Club"]
[Date "2007.01.21"]
[Round "1"]
[White "Hastings"]
[Black "carolinaknight"]
[Result "1-0"]
[WhiteElo "1355"]
[BlackElo "1195"]
[ECO "C02"]
[TimeControl "2700+45"]

1. e4 e6 2. d4 d5 3. e5 c5 4. c3 Qb6 5. Bd3 Nc6 6. Nf3 cxd4 7. cxd4 Nge7 8. O-O
Nf5 9. Bxf5 exf5 10. Nc3 Be6 11. b3 h6 12. Ne2 Be7 13. Nf4 O-O-O 14. Be3 g5 15.
Ne2 f4 16. Bc1 Bg4 17. Bb2 Bxf3 18. gxf3 Rdf8 19. Nc3 Nxd4 20. Nxd5 Qe6 21.
Nxe7+ Qxe7 22. Qxd4 b6 23. Rac1+ Kb8 24. Qd6+ Qxd6 25. exd6 Rhg8 26. Rfd1 g4 27.
Kg2 {Black resigns} 1-0

[Event "Team 45 45 League T32"]
[Site "Internet Chess Club"]
[Date "2007.01.18"]
[Round "1"]
[White "Ghashgork"]
[Black "moreffee"]
[Result "1-0"]
[WhiteElo "1415"]
[BlackElo "1415"]
[ECO "B90"]
[TimeControl "2700+45"]

1. e4 c5 2. Nf3 d6 3. d4 cxd4 4. Nxd4 a6 5. Nc3 Nf6 6. Be3 e5 7. Nb3 Be7 8. f3
Nc6 9. Qd2 h6 10. g4 Be6 11. O-O-O Rc8 12. h4 Bxb3 13. cxb3 Na5 14. Kb1 d5 15.
Nxd5 Nxd5 16. Qxd5 Qxd5 17. Rxd5 Nc6 18. a3 O-O 19. b4 Rcd8 20. Bc4 Rc8 21. Bb3
Rfd8 22. h5 Bg5 23. Bb6 Rxd5 24. Bxd5 Bd8 25. Bxc6 bxc6 26. Bc5 Bg5 27. Rd1 Rd8
28. Rxd8+ Bxd8 29. Kc2 f6 30. Kc3 Kf7 31. Kc4 Ke6 32. b3 Be7 33. Bxe7 Kxe7 34.
Kc5 Kd7 35. Kb6 Kd6 36. Kxa6 c5 37. b5 Kc7 38. Ka7 {Black resigns} 1-0

[Event "Team 45 45 League T32"]
[Site "Internet Chess Club"]
[Date "2007.01.21"]
[Round "1"]
[White "Mississippian"]
[Black "SeniorCitizen"]
[Result "1-0"]
[WhiteElo "1412"]
[BlackElo "1283"]
[ECO "C00"]
[TimeControl "2700+45"]

1. e4 e6 2. d3 d5 3. Nd2 Nf6 4. e5 Nfd7 5. Ngf3 c5 6. g3 Qc7 7. Qe2 Nc6 8. Bg2
Ndxe5 9. O-O Be7 10. Re1 Ng6 11. Nf1 O-O 12. h3 b6 13. N1h2 Bf6 14. Ng4 Bd7 15.
Nxf6+ gxf6 16. Nh2 Nd4 17. Qd1 Rfe8 18. Ng4 Qd8 19. b3 Rc8 20. Bb2 e5 21. c3
Bxg4 22. hxg4 Nc6 23. Qf3 d4 24. cxd4 Nxd4 25. Bxd4 cxd4 26. Qb7 Rc7 27. Qf3 Qd6
28. Qf5 Qe6 29. Qh5 Kg7 30. Be4 Rh8 31. Kg2 Qd6 32. Rh1 Rc2 33. Qh6+ Kg8 34.
Rhc1 Qc5 35. Rxc2 Qxc2 36. Rc1 Nf4+ 37. Qxf4 exf4 38. Rxc2 fxg3 39. Kxg3 Kg7 40.
Rc7 Rg8 41. Rxa7 {Black resigns} 1-0

[Event "Team 45 45 League T32"]
[Site "Internet Chess Club"]
[Date "2007.01.19"]
[Round "1"]
[White "Renato77"]
[Black "wekabird"]
[Result "0-1"]
[WhiteElo "1222"]
[BlackElo "1345"]
[ECO "B18"]
[TimeControl "2700+45"]

1. e4 c6 2. d4 d5 3. Nc3 dxe4 4. Nxe4 Bf5 5. Bd3 Qxd4 6. Qf3 Bxe4 7. Bxe4 Nf6 8.
Bd3 h6 9. Ne2 Qd8 10. Be3 e6 11. O-O-O Nbd7 12. Nc3 Bb4 13. Ne4 Qa5 14. Kb1
O-O-O 15. Bd2 Bxd2 16. Nxd2 Ne5 17. Nc4 Qxa2+ 18. Kxa2 Nxf3 19. gxf3 Nd5 20. Kb1
b5 21. Ne5 Rhf8 22. Nxc6 Rd7 23. Bxb5 Rb7 24. Ba6 Kc7 25. Bxb7 Kxb7 26. Na5+ Ka6
27. Nb3 Rc8 28. Rd4 Kb5 29. Rc1 Kb6 30. c4 Nf6 31. c5+ Kb5 32. f4 Nd5 33. f5 a5
34. fxe6 fxe6 35. Rcc4 Rc6 36. f4 Ne3 37. Ra4 Ra6 38. Rd6 Ra8 39. Ra3 a4 40.
Nd4+ Kxc5 41. Rxe6 Kxd4 42. Rexe3 Rf8 43. Rad3+ Kc4 44. Rc3+ Kb4 45. Rf3 h5 46.
h4 Re8 47. Ka2 Re1 48. b3 Re2+ 49. Kb1 a3 50. Rc4+ Kb5 51. Ra4 Rb2+ 52. Kc1 Ra2
53. f5 Ra1+ 54. Kc2 Ra2+ 55. Kc3 Ra1 56. Rb4+ Kc5 57. Rc4+ Kd5 58. Rd4+ Ke5 59.
b4 Rc1+ 60. Kd2 Ra1 61. Kc3 a2 62. Rd7 Rc1+ 63. Kb3 a1=Q 64. Re7+ Kf6 65. Re6+
Kf7 66. Re2 Rb1+ 67. Kc4 Qa6+ 68. Kd4 Qxe2 69. Re3 Rxb4+ 70. Kc3 Qc4+ 71. Kd2
Rb2+ 72. Ke1 Qc2 {White forfeits on time} 0-1

[Event "Team 45 45 League T32"]
[Site "Internet Chess Club"]
[Date "2007.01.22"]
[Round "1"]
[White "Riddari"]
[Black "ADIOKiddo4Ever"]
[Result "1/2-1/2"]
[WhiteElo "1200"]
[BlackElo "1138"]
[ECO "C64"]
[TimeControl "2700+45"]

1. e4 e5 2. Nf3 Nc6 3. Bb5 Bc5 4. Bxc6 dxc6 5. Nxe5 Qe7 6. d4 f6 7. dxc5 Qxe5 8.
Nc3 Qxc5 9. O-O Ne7 10. Be3 Qd6 11. Re1 O-O 12. Ne2 Qxd1 13. Raxd1 Bg4 14. f3
Be6 15. b3 b6 16. Nd4 Bd7 17. Bf4 c5 18. Ne2 Bb5 19. c4 Ba6 20. Bxc7 Rac8 21.
Bd6 Rf7 22. Nf4 Rd8 23. Bxe7 Rxd1 24. Rxd1 Rxe7 25. Nd5 Rd7 26. Nxf6+ gxf6 27.
Rxd7 Bc8 28. Rd8+ Kf7 29. Rxc8 h5 30. Rc7+ Kg6 31. Rxa7 f5 32. exf5+ Kxf5 33.
Rb7 Kf4 34. Rxb6 h4 35. a4 h3 36. gxh3 Kxf3 37. a5 Ke3 38. a6 Kf4 39. a7 Kg5 40.
a8=Q Kf5 41. Qd5+ Kf4 42. Re6 {Black stalemated} 1/2-1/2